General information
- name: BNet
- type: Ladder team game (AT/RT)
- host: Battle.net
- saver: 418
map: FullScaleAssault
- players: 8
- length: 36:23
- speed: Fast
- version: 1.24 W3XP
- replay type: Public
» download(283 KB)
Players
team 1 (winner)

»
img]psistorm (
teal | 136 APM | 4964 actions | 36:22)
6 Pandaren Brewmaster
2 Drunken Haze
3 Breath of Fire
1 Storm Earth and Fire
» actions
| Assign group hotkey | 1611 | |
| Basic commands | 36 | |
| Build / train | 76 | |
| Enter build submenu | 20 | |
| Enter hero's abilities submenu | 6 | |
| Give item / drop item | 1 | |
| Remove unit from queue | 1 | |
| Right click | 1457 | |
| Select / deselect | 286 | |
| Select group hotkey | 1320 | |
| Use ability | 150 | |
4964 total
» units
| Wisp | 17 | |
| Archer | 9 | |
| Druid of the Claw | 8 | |
| Goblin Shredder | 1 | |
| Mountain Giant | 4 | |
| Dryad | 7 | |
46 total
» upgrades
| Improved Bows | 1 | |
| Reinforced Hides | 3 | |
| Strength of the Wild | 3 | |
| Druid of the Claw Training | 2 | |
| Well Spring | 1 | |
| Hardened Skin | 1 | |
| Mark of the Claw | 1 | |
| Resistant Skin | 1 | |
| Abolish Magic | 1 | |
14 total
» buildings
| Moon Well | 6 | |
| Ancient of War | 1 | |
| Altar of Elders | 1 | |
| Ancient of Wonders | 1 | |
| Tree of Ages | 2 | |
| Hunter's Hall | 1 | |
| Tree of Eternity | 1 | |
| Ancient of Lore | 2 | |
| Tree of Life | 6 | |
21 total
» build order
00:19 Moon Well
00:32 Ancient of War
01:10 Altar of Elders
01:31 Moon Well
02:07 Moon Well
02:32 Ancient of Wonders
03:18 Tree of Ages
03:19 Tree of Ages
03:43 Moon Well
04:15 Hunter's Hall
05:57 Tree of Eternity
06:43 Ancient of Lore
06:47 Ancient of Lore
09:20 Moon Well
10:05 Moon Well
10:45 Tree of Life
17:00 Tree of Life
20:48 Tree of Life
25:45 Tree of Life
28:09 Tree of Life
34:26 Tree of Life
» items
| Orb of Venom | 1 | |
| Potion of Healing | 1 | |
| Scroll of Town Portal | 3 | |
5 total

»
418 (
orange | 23 APM | 853 actions | 36:23)
7 Priestess of the Moon
3 Trueshot Aura
3 Searing Arrows
1 Starfall
» actions
| Basic commands | 113 | |
| Build / train | 29 | |
| Enter build submenu | 8 | |
| Enter hero's abilities submenu | 7 | |
| Give item / drop item | 1 | |
| Remove unit from queue | 2 | |
| Right click | 485 | |
| Select / deselect | 170 | |
| Use ability | 38 | |
853 total
» units
» buildings
| Altar of Elders | 1 | |
| Moon Well | 4 | |
| Tree of Ages | 1 | |
| Ancient of Wind | 1 | |
| Ancient of Wonders | 1 | |
| Hunter's Hall | 1 | |
| Tree of Eternity | 1 | |
10 total
» build order
00:21 Altar of Elders
00:27 Moon Well
02:06 Tree of Ages
02:12 Moon Well
04:33 Ancient of Wind
04:34 Ancient of Wonders
04:37 Hunter's Hall
04:40 Moon Well
04:42 Moon Well
05:41 Tree of Eternity
» items
| Potion of Lesser Invulnerability | 2 | |
| Staff of Teleportation | 1 | |
| Potion of Invisibility | 1 | |
4 total
TheLittleShow (
purple | 95 APM | 3466 actions | 36:22)
8 Death Knight
3 Death Coil
3 Unholy Aura
1 Animate Dead
1 Death Pact
6 Lich
3 Frost Nova
2 Frost Armor
1 Death and Decay
» actions
| Assign group hotkey | 68 | |
| Basic commands | 156 | |
| Build / train | 142 | |
| Enter build submenu | 40 | |
| Enter hero's abilities submenu | 14 | |
| Give item / drop item | 5 | |
| Right click | 1681 | |
| Select / deselect | 422 | |
| Select group hotkey | 785 | |
| Use ability | 151 | |
3466 total
» units
| Acolyte | 27 | |
| Ghoul | 5 | |
| Crypt Fiend | 18 | |
| Frost Wyrm | 5 | |
| Obsidian Statue | 2 | |
| Gargoyle | 6 | |
63 total
» upgrades
| Creature Attack | 3 | |
| Web | 1 | |
| Creature Carapace | 3 | |
| Destroyer Form | 1 | |
| Freezing Breath | 1 | |
9 total
» buildings
| Crypt | 1 | |
| Graveyard | 1 | |
| Altar of Darkness | 2 | |
| Ziggurat | 14 | |
| Tomb of Relics | 1 | |
| Halls of the Dead | 1 | |
| Black Citadel | 3 | |
| Sacrificial Pit | 1 | |
| Necropolis | 6 | |
| Nerubian Tower | 8 | |
| Slaughterhouse | 2 | |
| Boneyard | 1 | |
| Spirit Tower | 10 | |
51 total
» build order
00:10 Crypt
00:17 Graveyard
00:48 Altar of Darkness
00:56 Ziggurat
01:52 Ziggurat
02:23 Tomb of Relics
03:21 Ziggurat
05:28 Ziggurat
06:33 Halls of the Dead
07:51 Ziggurat
07:55 Ziggurat
09:14 Black Citadel
09:14 Black Citadel
09:17 Sacrificial Pit
09:50 Necropolis
10:05 Ziggurat
10:08 Ziggurat
10:25 Nerubian Tower
10:25 Nerubian Tower
11:16 Slaughterhouse
11:20 Slaughterhouse
11:25 Ziggurat
11:26 Ziggurat
11:38 Boneyard
12:52 Spirit Tower
12:52 Spirit Tower
12:57 Nerubian Tower
12:57 Nerubian Tower
12:57 Nerubian Tower
20:21 Ziggurat
20:28 Ziggurat
24:08 Spirit Tower
24:09 Spirit Tower
24:09 Spirit Tower
24:13 Ziggurat
24:15 Spirit Tower
24:16 Spirit Tower
24:49 Necropolis
28:59 Necropolis
30:22 Necropolis
32:01 Necropolis
32:06 Necropolis
35:35 Altar of Darkness
35:39 Ziggurat
» items
| Rod of Necromancy | 3 | |
| Dust of Appearance | 1 | |
| Scroll of Town Portal | 5 | |
| Periapt of Vitality | 1 | |
| Potion of Lesser Invulnerability | 1 | |
| Lesser Clarity Potion | 2 | |
| Anti-magic Potion | 1 | |
| Staff of Preservation | 1 | |
| Potion of Healing | 1 | |
| Orb of Corruption | 1 | |
17 total
reallynoob (
yellow | 70 APM | 2546 actions | 36:22)
5 Dreadlord
2 Sleep
3 Vampiric Aura
5 Death Knight
3 Death Coil
2 Unholy Aura
» actions
| Assign group hotkey | 38 | |
| Basic commands | 22 | |
| Build / train | 80 | |
| ESC pressed | 1 | |
| Enter build submenu | 19 | |
| Enter hero's abilities submenu | 10 | |
| Right click | 1503 | |
| Select / deselect | 567 | |
| Select group hotkey | 262 | |
| Use ability | 44 | |
2546 total
» units
| Acolyte | 11 | |
| Ghoul | 21 | |
| Gargoyle | 22 | |
54 total
» upgrades
| Unholy Strength | 1 | |
| Creature Attack | 1 | |
2 total
» buildings
| Crypt | 4 | |
| Ziggurat | 11 | |
| Altar of Darkness | 1 | |
| Tomb of Relics | 1 | |
| Graveyard | 1 | |
| Nerubian Tower | 1 | |
| Spirit Tower | 2 | |
| Halls of the Dead | 1 | |
| Black Citadel | 1 | |
23 total
» build order
00:05 Crypt
00:07 Ziggurat
00:35 Altar of Darkness
01:05 Ziggurat
01:17 Tomb of Relics
02:27 Graveyard
04:32 Ziggurat
06:30 Nerubian Tower
06:31 Spirit Tower
06:46 Crypt
07:30 Crypt
07:32 Halls of the Dead
09:06 Ziggurat
09:07 Ziggurat
09:22 Ziggurat
09:23 Ziggurat
09:24 Ziggurat
11:42 Spirit Tower
14:00 Crypt
14:38 Black Citadel
20:55 Ziggurat
20:57 Ziggurat
20:58 Ziggurat
» items
| Rod of Necromancy | 1 | |
| Orb of Corruption | 1 | |
| Scroll of Town Portal | 2 | |
| Boots of Speed | 1 | |
5 total
team 2 (loser)

»
ggnorekthxbye (
pink | 88 APM | 1695 actions | 19:14)
5 Archmage
3 Summon Water Elemental
2 Brilliance Aura
2 Mountain King
1 Storm Bolt
1 Bash
» actions
| Assign group hotkey | 35 | |
| Basic commands | 164 | |
| Build / train | 74 | |
| ESC pressed | 2 | |
| Enter build submenu | 20 | |
| Enter hero's abilities submenu | 7 | |
| Right click | 666 | |
| Select / deselect | 431 | |
| Select group hotkey | 209 | |
| Use ability | 87 | |
1695 total
» units
| Peasant | 17 | |
| Footman | 15 | |
| Sorceress | 4 | |
| Priest | 1 | |
| Spell Breaker | 6 | |
| Dryad | 3 | |
| Archer | 3 | |
49 total
» upgrades
| Defend | 2 | |
| Priest Training | 1 | |
| Sorceress Training | 3 | |
6 total
» buildings
| Altar of Kings | 1 | |
| Farm | 9 | |
| Barracks | 1 | |
| Keep | 5 | |
| Town Hall | 2 | |
| Arcane Vault | 1 | |
| Lumber Mill | 1 | |
| Arcane Sanctum | 3 | |
| Castle | 1 | |
24 total
» build order
00:08 Altar of Kings
00:21 Farm
00:22 Barracks
00:50 Farm
01:58 Farm
02:53 Farm
03:29 Farm
03:50 Keep
03:50 Keep
03:51 Keep
05:08 Town Hall
05:18 Arcane Vault
05:20 Lumber Mill
08:06 Arcane Sanctum
08:06 Arcane Sanctum
08:45 Arcane Sanctum
09:18 Farm
11:37 Farm
11:39 Farm
11:42 Farm
11:46 Castle
17:11 Town Hall
» items

»
BananaBilly (
green | 72 APM | 2629 actions | 36:22)
7 Keeper of the Grove
3 Entangling Roots
3 Thorns Aura
1 Tranquility
3 Priestess of the Moon
1 Trueshot Aura
1 Scout
1 Starfall
1 Archmage
1 Mass Teleport
» actions
| Assign group hotkey | 56 | |
| Build / train | 81 | |
| Enter build submenu | 30 | |
| Enter hero's abilities submenu | 11 | |
| Remove unit from queue | 1 | |
| Right click | 887 | |
| Select / deselect | 491 | |
| Select group hotkey | 982 | |
| Use ability | 90 | |
2629 total
» units
| Wisp | 19 | |
| Huntress | 9 | |
| Hippogryph | 24 | |
| Dryad | 6 | |
58 total
» upgrades
| Strength of the Moon | 1 | |
| Moon Armor | 1 | |
| Strength of the Wild | 3 | |
| Reinforced Hides | 2 | |
7 total
» buildings
| Altar of Elders | 1 | |
| Moon Well | 6 | |
| Hunter's Hall | 1 | |
| Ancient of War | 2 | |
| Tree of Ages | 1 | |
| Tree of Eternity | 1 | |
| Ancient of Lore | 1 | |
| Ancient of Wind | 5 | |
| Tree of Life | 4 | |
| Blacksmith | 1 | |
| Town Hall | 3 | |
26 total
» build order
00:09 Altar of Elders
00:10 Moon Well
01:21 Moon Well
01:57 Hunter's Hall
02:01 Ancient of War
02:17 Ancient of War
03:03 Moon Well
05:13 Tree of Ages
06:24 Moon Well
07:54 Tree of Eternity
09:08 Ancient of Lore
09:12 Ancient of Wind
10:56 Tree of Life
11:12 Moon Well
16:28 Tree of Life
18:02 Ancient of Wind
19:16 Ancient of Wind
19:20 Ancient of Wind
19:33 Ancient of Wind
19:49 Blacksmith
23:33 Moon Well
26:11 Tree of Life
27:30 Tree of Life
30:51 Town Hall
31:43 Town Hall
34:24 Town Hall
» items
B-RaNd (
red | 63 APM | 2282 actions | 36:22)
9 Priestess of the Moon
3 Trueshot Aura
3 Searing Arrows
1 Starfall
2 Scout
» actions
| Assign group hotkey | 29 | |
| Basic commands | 2 | |
| Build / train | 111 | |
| Enter build submenu | 33 | |
| Enter hero's abilities submenu | 10 | |
| Give item / drop item | 1 | |
| Right click | 675 | |
| Select / deselect | 257 | |
| Select group hotkey | 1041 | |
| Use ability | 123 | |
2282 total
» units
| Wisp | 23 | |
| Archer | 12 | |
| Chimaera | 13 | |
| Druid of the Claw | 7 | |
| Hippogryph | 3 | |
| Sorceress | 4 | |
| Spell Breaker | 3 | |
| Priest | 3 | |
| Peasant | 9 | |
| Knight | 5 | |
82 total
» upgrades
| Improved Bows | 1 | |
| Strength of the Wild | 3 | |
| Reinforced Hides | 2 | |
| Corrosive Breath | 1 | |
| Mark of the Claw | 1 | |
| Priest Training | 1 | |
| Plating | 1 | |
| Swords | 1 | |
11 total
» buildings
| Altar of Elders | 1 | |
| Moon Well | 9 | |
| Ancient of War | 2 | |
| Ancient of Wonders | 1 | |
| Tree of Ages | 1 | |
| Hunter's Hall | 1 | |
| Tree of Eternity | 1 | |
| Ancient of Wind | 1 | |
| Chimaera Roost | 2 | |
| Tree of Life | 2 | |
| Town Hall | 2 | |
| Scout Tower | 4 | |
| Guard Tower | 1 | |
28 total
» build order
00:12 Altar of Elders
00:26 Moon Well
00:37 Ancient of War
01:35 Moon Well
02:01 Ancient of War
02:19 Ancient of Wonders
03:01 Moon Well
04:18 Tree of Ages
05:33 Moon Well
06:05 Hunter's Hall
06:39 Moon Well
06:43 Tree of Eternity
08:14 Ancient of Wind
09:41 Chimaera Roost
09:42 Chimaera Roost
10:45 Tree of Life
14:38 Tree of Life
17:22 Moon Well
18:14 Moon Well
18:17 Moon Well
20:16 Moon Well
24:08 Town Hall
24:25 Scout Tower
24:26 Scout Tower
25:03 Guard Tower
25:05 Scout Tower
25:06 Scout Tower
28:57 Town Hall
» items
Z0O (
blue | 65 APM | 973 actions | 15:00)
3 Keeper of the Grove
2 Entangling Roots
1 Thorns Aura
2 Priestess of the Moon
1 Trueshot Aura
1 Searing Arrows
» actions
| Assign group hotkey | 13 | |
| Basic commands | 4 | |
| Build / train | 58 | |
| ESC pressed | 3 | |
| Enter build submenu | 15 | |
| Enter hero's abilities submenu | 5 | |
| Right click | 587 | |
| Select / deselect | 224 | |
| Select group hotkey | 6 | |
| Use ability | 58 | |
973 total
» units
| Wisp | 11 | |
| Huntress | 19 | |
| Druid of the Claw | 5 | |
35 total
» upgrades
| Strength of the Wild | 1 | |
| Druid of the Claw Training | 2 | |
3 total
» buildings
| Moon Well | 4 | |
| Altar of Elders | 1 | |
| Hunter's Hall | 1 | |
| Ancient of War | 2 | |
| Tree of Ages | 1 | |
| Ancient Protector | 3 | |
| Tree of Life | 2 | |
| Ancient of Lore | 2 | |
| Tree of Eternity | 1 | |
17 total
» build order
00:25 Moon Well
00:57 Altar of Elders
01:01 Hunter's Hall
01:41 Ancient of War
02:02 Moon Well
02:35 Ancient of War
03:14 Moon Well
05:15 Tree of Ages
05:56 Ancient Protector
05:57 Ancient Protector
05:57 Ancient Protector
06:33 Tree of Life
08:10 Ancient of Lore
08:41 Tree of Eternity
10:06 Ancient of Lore
10:54 Tree of Life
14:55 Moon Well
» items
Chat log
(00:17 / Allies) reallynoob: uhh
(00:21 / Allies) reallynoob: fast expo here
(00:25 / Allies) img]psistorm: ill get melee
(00:32 / Allies) reallynoob: dl ghoul garg to watever i feel like
(00:49 / Allies) img]psistorm: hai 418
(01:07 / Allies) TheLittleShow: anyone golds?
(01:23 / Allies) TheLittleShow: ok
(01:31 / Allies) reallynoob: sorry mate
(01:33 / Allies) reallynoob: empty
(01:49 / Allies) img]psistorm: 418 what are you getting?
(01:57 / Allies) TheLittleShow: was talking to ne
(02:03 / Allies) TheLittleShow: and your second zigg
(02:07 / Allies) TheLittleShow: never comes before a fiend
(02:19 / Allies) reallynoob: whos
(02:34 / Allies) TheLittleShow: massing ghouls or some shit?
(02:41 / Allies) reallynoob: did you hear what i said
(04:16 / Allies) reallynoob: sec
(04:19 / Allies) reallynoob: i sleep the big guy
(05:57 / Allies) reallynoob: every1 to oj?
(05:59 / All) ggnorekthxbye: enjoy loss 418 trash
(06:08 / All) 418: THOUGHT YOU SAID YOU SWITCHED TO 2S OR 3S
(06:13 / All) ggnorekthxbye: i did
(06:15 / All) ggnorekthxbye: till i couldnt find
(06:16 / All) 418: BUT
(06:17 / All) ggnorekthxbye: now im back
(06:18 / All) 418: OH
(06:19 / All) Z0O: he doesnt care about lose
(06:20 / All) ggnorekthxbye: to ruin ur life again
(06:23 / All) Z0O: he lossbotts
(06:25 / Allies) reallynoob: fight at my base
(06:26 / All) 418: YEAH MY LIFE IS RUINED OVER A VIDEO GAME
(06:28 / All) B-RaNd: dam!
(06:32 / All) ggnorekthxbye: i was jk
(06:34 / All) ggnorekthxbye: n erd rage more
(06:45 / All) Z0O: dsc hack us
(06:46 / All) 418: YOU'RE QUITE THE DUMBASS ARENT YOU
(06:54 / All) ggnorekthxbye: huh
(06:55 / All) ggnorekthxbye: nub
(07:05 / All) 418: STRAIGHT TECHING TO TIER3 WITH A OPTM MEANS IM TRYING LOL
(07:42 / All) 418: IS THIS GOING IN YOUR RECORD BOOK OF GAMES VS ME?
(07:49 / All) ggnorekthxbye: u tell me
(07:53 / All) 418: "I'M NOW SOMETHING & SOMETHING VS 418 IN RT"
(07:58 / All) ggnorekthxbye: i dont need any more free wins
(08:19 / All) ggnorekthxbye: lag
(08:20 / All) ggnorekthxbye: laff
(08:22 / All) TheLittleShow: yup
(08:23 / All) 418: MAKE EXCUSES LOL
(08:28 / All) ggnorekthxbye: lose more 4v4
(08:30 / All) 418: GOD YOU'RE THE BIGGEST NERD LOL
(08:35 / All) ggnorekthxbye: no
(08:37 / All) ggnorekthxbye: ur bigest nerd
(08:39 / All) ggnorekthxbye: and gayboy
(08:42 / All) 418: YOU'RE BRAGGING OVER 4V4 RT LOL
(08:42 / All) ggnorekthxbye: with diablo joint
(08:48 / All) ggnorekthxbye: no one is bragging
(08:52 / All) ggnorekthxbye: faggot
(08:53 / All) 418: WHAT PART OF ME STRAIGHT TECHING TO CHIMS WITH A POTM MAKES YO UTHINK IM TRYING
(08:53 / All) ggnorekthxbye: now stfu
(08:55 / All) ggnorekthxbye: and lose
(08:57 / All) 418: YOU'RE DEFINITELY BRAGGING LOL
(08:59 / All) ggnorekthxbye: afk
(09:12 / All) ggnorekthxbye: im just putting ur dumbshit ass on perm squelch
(09:17 / All) 418: IF ONLY THERE WAS SUCH THING L OL
(09:24 / All) ggnorekthxbye: its on
(09:25 / All) 418: THOUGHT YOU WERE AFK
(09:26 / All) 418: DUMB CRYBABY
(09:33 / All) 418: ARE YOU LYING ABOUT THE SQUELCH TOO LOL
(09:37 / Allies) reallynoob: archers sittin around
(09:46 / Allies) 418: OH I LOST MY LATS WISPS
(09:47 / Allies) 418: WHO WANTS MY MONEY
(09:51 / Allies) img]psistorm: me
(09:57 / Allies) 418: K
(10:19 / Allies) 418: SERIOUSLY THOUGH
(10:23 / Allies) 418: DOES IT LOOK LIKE IM TRYING TO YOU?
(10:25 / Allies) reallynoob: sup?
(10:31 / Allies) 418: I MADE 0 UNITS
(10:33 / Allies) reallynoob: trying extra hard i think
(10:35 / Allies) reallynoob: = )
(10:36 / Allies) TheLittleShow: teal expo that
(10:53 / Allies) 418: I NEED YOU TO AGREE WITH ME
(11:17 / Allies) reallynoob: ugh this is suck land
(11:46 / All) B-RaNd: bull shit, i cancelled
(11:57 / All) 418: ID ASK IF YOU STILL WANT TO GET RAPED BY ME IN 1V1
(12:03 / All) 418: ACTUALLY
(12:04 / All) 418: I WILL ANYWAY
(12:07 / All) 418: WHAT EXCUSE DO YOU HAVE TODAY
(12:08 / Allies) reallynoob: teal
(12:17 / All) Z0O: its a fucking game
(12:18 / All) 418: OR IS HE FAKE AFK/RAGE SQUELCHED?
(12:20 / All) Z0O: calm the fuck down
(12:25 / All) 418: IM QUITE CALM LOL
(13:16 / All) 418: LOST YOUR MK LOL
(13:42 / All) 418: GUYS I DONT THINK HE WANTS TO CHAT ANYMORE
(13:49 / All) 418: MY E-FEELINGS ARE E-HURT LOL
(13:55 / All) 418: GOOD LORD GREEN HOW DID YOU NOT TP THAT
(14:19 / All) 418: OOOOH
(14:21 / All) 418: YO UTOUCH MY TRALALALA
(14:41 / All) 418: WHAT ARE THE OTHER LYRICS TO THAT SONG
(14:51 / All) 418: I HEAR THE BEAT IN MY HEAD BUT I CANT TYPE THAT OUT
(14:56 / All) 418: OOOOOOOOOOOOOOOOOH
(14:58 / All) 418: YOU TOUCH MY TRALALALALA
(15:03 / All) 418: LOL
(15:06 / All) 418: WHYD HE LEAVE?
(15:14 / All) 418: DANANA
(15:15 / All) 418: DANANANA
(15:16 / Allies) TheLittleShow: cause its over
(15:17 / All) 418: NANANANA
(15:18 / Allies) TheLittleShow: they lose
(15:20 / All) 418: NANANA
(15:22 / All) 418: DOONANANANA
(15:24 / All) 418: OOOOOOOOOOOOH
(15:27 / All) 418: YOU TOUCH MY TRALALALA
(15:47 / All) 418: CAREFUL WITH YOUR ARCHMAG ETHERE NERD
(16:32 / Allies) 418: HEY
(16:36 / Allies) 418: GOLD ME FOR A STAFF AND INVUL POT
(16:42 / Allies) 418: MRS POTM MUST LIVE!
(16:50 / Allies) 418: 300 GOLD
(16:59 / Allies) TheLittleShow: yellow come to me middle
(17:01 / Allies) 418: 300 GOLD
(17:10 / Allies) reallynoob: not yet
(17:15 / Allies) 418: YOU DONT WANT MY POTM TO LIVE?
(17:15 / Allies) reallynoob: rejuv dk
(17:20 / Allies) reallynoob: nvm
(17:34 / All) 418: SEIROUSLY DID BLUE RAGEQUIT THINKING WE WON?
(17:38 / All) 418: THATS JUST SILLY
(17:48 / All) 418: YOU KNOW WHAT ELSE IS SILLY?
(17:51 / All) 418: ORANGE HATS
(17:56 / All) 418: AND SANTA HATS
(17:59 / Allies) reallynoob: dl didnt port
(18:00 / Allies) reallynoob: huh
(18:06 / All) 418: WHY DOES THE NEW DOTA GIVE ROSHAN A SANTA HAT?
(18:08 / All) 418: CHRISTMAS IS OVER
(18:24 / All) 418: ALTHOUGH I LIKE THE SANTA HAT ON CERTAIN HEROES
(18:30 / All) 418: SK BECAUSE HES REALLY BIG
(18:33 / Allies) reallynoob: could use ur help purp
(18:43 / All) 418: LOL
(18:49 / All) 418: PINK JUST GOT DROPPED LIKE 3RD PERIOD FRENCH LOL
(18:59 / All) 418: OOOOOOOOOOOOOOOH
(19:05 / All) 418: YOU TOUCH MY TRALALALALA
(19:26 / Allies) reallynoob: lol
(19:30 / Allies) TheLittleShow: rapeola
(19:30 / Allies) img]psistorm: fuck how i lose my hero
(19:40 / Allies) img]psistorm: why didn't you help 418
(19:44 / Allies) 418: I DID
(19:46 / Allies) 418: IM RIGHT HERE FOOL
(19:52 / Allies) img]psistorm: you could have used ulti
(19:55 / Allies) img]psistorm: for me
(19:56 / Allies) 418: I JUST NOW GOT IT
(20:05 / Allies) img]psistorm: my ulti
(20:08 / Allies) img]psistorm: so my panda wouldn't die
(20:17 / Allies) img]psistorm: you killed mr. panda
(20:25 / Allies) 418: NO I DIDNT
(20:32 / Allies) img]psistorm: YES YOU DID
(20:36 / Allies) 418: BEEN CLICKED ON MY POTM THE WHOLE TIME FOOL
(20:44 / Allies) 418: UNLESS YOU SHARD WITH SOMEONE ELSE
(20:49 / All) 418: OOOOOOOOOOOOOOOOH
(20:51 / All) 418: YOU TOUCH MY TRALALALA
(20:55 / All) 418: TOO BAD THERES NOT AN ORC
(20:58 / All) 418: I COULD USE A TINY GREAT HALL
(21:06 / All) 418: HEY CAN I HAVE 300 GOLD
(21:15 / All) 418: VERY IMPORTANT THAT MORA MOONSINGER SURVIVES
(21:32 / All) 418: WHO SINGS THAT SONG?
(21:36 / All) 418: THE TRALALALA GUY
(21:38 / All) img]psistorm: GUNTHER
(21:42 / All) 418: GUNTHER WHO
(21:50 / All) img]psistorm: IONO GOOGLE IT
(22:04 / All) 418: LYRIC SEARCHING IS PRETTY HARD TO DO
(22:07 / All) 418: UNLESS THATS THE NAME OF THE SONG
(22:18 / All) img]psistorm: ITS CALLED TOUCH MY TRALALA
(22:23 / All) img]psistorm: YOUTUBE IT
(22:27 / All) 418: HEY I JUST RELAIZED
(22:30 / All) 418: WE HAVE AN ARMY OF GARGS & FIENDS
(22:32 / All) 418: HOW MISMATCHED LOL
(22:38 / All) img]psistorm: I KNOW
(22:40 / All) img]psistorm: AND MGS
(22:45 / All) 418: THIS GUY WENT DREADLORD FIRST THOUGH
(23:15 / Allies) 418: THATS A LOSING FIGHT THERE TEAL LOL
(23:23 / Allies) 418: PURPLES NOT THERE
(23:37 / Allies) reallynoob: uhh
(23:40 / Allies) img]psistorm: I KNOW THAT
(24:09 / Allies) reallynoob: yea this is suck
(24:40 / Allies) img]psistorm: GOLD ME FOR MORE DRYADS
(24:51 / All) 418: BLUE SAYS HE DISCHACKS
(24:54 / All) 418: SO THAT HE DOESNT GET DISCHACKED
(24:55 / All) 418: AND HE FATALED
(24:57 / All) 418: HES WHISPERING ME
(25:06 / All) 418: ID SAY LOL THERE
(25:18 / All) img]psistorm: LOL ALL OVER MY FACE
(25:23 / All) 418: KODOS SAYS NEVERLOSETOYOU GOT CLOSED
(25:24 / All) 418: THATS LOL
(25:30 / All) 418: MAYBE MORE BRAZILLIAN RAT ACCTS GOT CLOSED
(25:35 / All) img]psistorm: KODOS IS PRO
(25:38 / All) 418: COMMENCE NERD RAGE BY THOSE 3RD WORLD MONKIES
(25:53 / Allies) img]psistorm: IMA HIDE A HALL OR TWO
(26:13 / Allies) reallynoob: base race or what?
(26:27 / Allies) TheLittleShow: ya
(26:29 / Allies) TheLittleShow: i thiiknk
(26:29 / Allies) reallynoob: defend at purp?
(26:38 / All) 418: OOOOOOOOOOOOOOOOOOH
(26:40 / All) 418: YOU TOUCH MY TRALALALA
(26:48 / All) 418: ALT TABBING TO YOUTUBE THAT SONG
(27:15 / Allies) reallynoob: byebye my whole army
(27:16 / Allies) reallynoob: haha
(27:22 / All) 418: OOOOH MY DING DING DONG
(27:23 / All) 418: HAHAHA
(27:24 / All) 418: THIS SONG IS HILARIOUS
(27:26 / Allies) TheLittleShow: 8 gargs?
(27:32 / Allies) reallynoob: more than 8
(27:35 / All) 418: OOOOOOH YOU TOUCH MY TRALALALA
(27:38 / All) 418: OOOOOOOOH MY DING DING DONG
(27:43 / Allies) reallynoob: was in sick shape early
(28:01 / All) 418: YOU KNOW THIS SOUNDS LIKE A EUROTRASH SONG
(28:05 / All) 418: BUT I BET ITS A CANADIAN
(28:10 / All) 418: DONT ASK ME WHY I THINK THAT
(28:16 / Allies) reallynoob: so uh purp
(28:18 / Allies) reallynoob: we need to hit
(28:24 / All) 418: OOOOOOOOOOOH YOU TOUCH MY TRALALALALA
(28:27 / All) 418: LALALALALALALALALALA
(28:28 / All) 418: MMMMMMMMM
(28:31 / All) 418: MY DING DING DONG
(28:44 / Allies) img]psistorm: HELP ME HIDE MY HALLS 418
(28:50 / Allies) 418: NO CAN DO CHIEF
(29:06 / Allies) 418: SO
(29:07 / Allies) reallynoob: can we end
(29:07 / Allies) 418: LETS FIGHT
(29:09 / Allies) 418: KILL THE KOTG
(29:10 / Allies) 418: AND I STARFALL
(29:40 / All) 418: MY DING DING DONG
(29:44 / All) 418: THATS MY NEW NICKNAME FOR MY PENIS
(29:50 / Allies) TheLittleShow: let my base go
(29:56 / Allies) TheLittleShow: we have much more hidden than them
(30:10 / Allies) 418: GOOD THING THEY DIDNT UPGRADE MASONRY LOL
(30:14 / Allies) 418: BUT PINK IS A BAD PLAYER
(30:24 / All) 418: MMMMMMMMM
(30:25 / All) 418: MY DING DING DONG
(30:47 / All) 418: CLASSIC SONG
(30:53 / All) 418: THATS LITERALLY THE ONLY LYRICS TO IT
(31:12 / Allies) 418: YOU MIGHT WANT TO GET A ZEP
(31:21 / Allies) reallynoob: yea that would be good
(31:28 / Allies) img]psistorm: NO FOOD
(31:32 / Allies) 418: ZEPS ARE 0 FOOD
(31:35 / Allies) reallynoob: if we could clear back there
(31:38 / Allies) reallynoob: perfect hide spot
(31:50 / Allies) 418: WHY NOT JUST FIGHT THEM?
(32:08 / Allies) 418: ITS JUST CHIMS
(32:17 / All) 418: OOOOOOOOOOOOOOH
(32:20 / All) 418: YOU TOUCH MY TRALALALALA
(32:22 / All) 418: MMMMMMM
(32:24 / All) 418: MY DING DING DONG
(32:25 / All) B-RaNd: puissies
(32:33 / All) 418: I DONT KNOW WHY WE'RE PUSSIES
(32:38 / All) 418: YOU HAVE NOTHING BUT CHIMS, WE CAN TAKE THAT
(32:41 / All) 418: "WE" LOL
(32:42 / All) 418: LISTEN TO ME
(32:50 / All) 418: I MEAN THEY
(32:59 / All) 418: OH YOU HAVE HIPPOS TOO
(33:00 / Allies) reallynoob: other side of map i guess
(33:02 / All) B-RaNd: r u retarded?
(33:08 / All) 418: INSANE, YES
(33:09 / Allies) reallynoob: kill and reveal
(33:09 / All) 418: RETARDED, NO
(33:15 / Allies) 418: KILL THE KOTG
(33:21 / Allies) TheLittleShow: lets fight
(33:22 / All) BananaBilly: jsut come fight and end it
(33:23 / Allies) TheLittleShow: we will pwn
(33:25 / Allies) 418: KILL THE KOTG FIRST
(33:35 / Allies) TheLittleShow: lets gop
(33:39 / Allies) 418: GO STRAIGHT FOR THE KOTG
(34:07 / Allies) reallynoob: hahaha
(34:16 / Allies) img]psistorm: GOLD ME
(34:19 / All) reallynoob: RUN
(34:27 / All) 418: RUN LIKE A NIGGER STEALING A BIKE
(34:35 / All) 418: YOU KNOW, BECAUSE THEY CARRY THE BIKE
(34:37 / All) 418: INSTEAD OF IRDE IT
(34:42 / All) 418: THATS WHY THEYRE NIGGERS
(35:04 / Allies) 418: TEALS NOT THERE LOL
(35:09 / Allies) 418: GET RAPED MORE LOL
(35:13 / Allies) img]psistorm: ROFL
(35:14 / Allies) 418: STAB MORE TEAL
(35:17 / All) B-RaNd: GG
(35:23 / All) reallynoob: dont target my hero
(35:26 / All) reallynoob: noooooooooo
(35:35 / All) 418: SCALE OF 1 TO 10
(35:37 / All) 418: HOW WELL HIDDEN ARE YOU
(35:38 / All) 418: AND BE HONEST
(35:51 / Allies) reallynoob: seriously
(35:52 / All) 418: WE'RE ABOUT A 3
(35:54 / Allies) reallynoob: hide round here
(36:02 / Allies) reallynoob: if we can clear the trees kinda
(36:04 / Allies) reallynoob: super sneaky
(36:06 / Allies) reallynoob: never find